 Dungeon Crawl Stone Soup version 0.24.0-35-gdb84b6a5db (webtiles) character file.

Game seed: 16176644141306609537, levelgen mode: deterministic

457 MiernyMiazsz the Shield-Bearer (level 6, 0/55 HPs)
             Began as a Minotaur Fighter on Nov 19, 2019.
             Succumbed to a worker ant's poison
             ... on level 4 of the Dungeon.
             The game lasted 00:15:12 (2973 turns).

MiernyMiazsz the Shield-Bearer (Minotaur Fighter)   Turns: 2973, Time: 00:15:12

Health: 0/55       AC:  7    Str: 28    XL:     6   Next: 77%
Magic:  5/5        EV:  9    Int:  5    God:
Gold:   177        SH: 10    Dex:  9    Spells: 5/5 levels left

rFire    . . .     SeeInvis .   r - +2 dagger (holy)
rCold    . . .     Gourm    .   c - +0 shield
rNeg     . . .     Faith    .   b - +0 scale mail
rPois    .         Spirit   .   (helmet restricted)
rElec    .         Reflect  .   (no cloak)
rCorr    .         Harm     .   (no gloves)
MR       .....                  (no boots)
Stlth    ..........             (no amulet)
HPRegen  0.18/turn              (no ring)
MPRegen  0.09/turn              (no ring)

@: mighty, lethally poisoned (0 -> -6)
A: retaliatory headbutt, horns 2
a: no special abilities


You were on level 4 of the Dungeon.
You were not hungry.

You visited 1 branch of the dungeon, and saw 4 of its levels.

You collected 177 gold pieces.

Inventory:

Hand Weapons
 a - a +0 war axe
 r - a +2 dagger of holy wrath (weapon)
Armour
 b - a +0 scale mail (worn)
 c - a +0 shield (worn)
 l - a +0 robe
 q - a +0 ring mail
 t - a +0 helmet
Jewellery
 w - a cursed ring of teleportation {unknown}
Scrolls
 e - a scroll of enchant weapon {unknown}
 g - a scroll of remove curse {unknown}
 i - a scroll of fog {unknown}
 j - 3 scrolls of identify {unknown}
 m - a scroll of blinking {unknown}
 n - a scroll of enchant armour {unknown}
 o - a scroll of noise {unknown}
 u - 2 scrolls of magic mapping {unknown}
 y - a scroll of amnesia {unknown}
Potions
 d - a potion of might
 h - a potion of haste {unknown}
 k - 3 potions of curing {unknown}
 p - 2 potions of agility {unknown}
 s - a potion of flight {unknown}
 v - a potion of cancellation {unknown}
 x - a potion of brilliance {unknown}
 z - a potion of lignification {unknown}
Comestibles
 f - 6 rations


   Skills:
 + Level 4.8 Fighting
 + Level 0.8 Short Blades
 + Level 5.3 Axes
 + Level 5.2 Armour
 + Level 1.6 Dodging
 + Level 0.3 Stealth
 + Level 5.5 Shields


You had 5 spell levels left.
You didn't know any spells.
Your spell library was empty.

Dungeon Overview and Level Annotations

Branches:
Dungeon (4/15)
 Temple: D:4-7

Altars:


Innate Abilities, Weirdness & Mutations

You reflexively headbutt those who attack you in melee.
You have a pair of horns on your head.


Message History

You feel very mighty all of a sudden.
* * * LOW HITPOINT WARNING * * *
You feel sick. The worker ant barely misses you. You furiously retaliate!
You headbutt the worker ant!
You kill the worker ant!
The phantom hits you but does no damage.
You closely miss the phantom. Your headbutt misses the phantom.
The phantom is heavily damaged.
* * * LOW HITPOINT WARNING * * *
You feel sick. The phantom hits you.
* * * LOW HITPOINT WARNING * * *
You closely miss the phantom. Your headbutt misses the phantom.
The phantom is heavily damaged.
* * * LOW HITPOINT WARNING * * *
You feel sick. You block the phantom's attack.
You puncture the phantom!
The phantom convulses!
You headbutt the phantom.
You destroy the phantom!
* * * LOW HITPOINT WARNING * * *
You feel sick.
You die...

.............. .......
..P(.......#>.###..<....
.P......... ............
#.........# #...........
..........# #.........#.
#.........## #......#...
#.....†..))###..#####...
##.......)..............
#......@.[.......###....
#.###.##.............#..
#. #..........###... #
#.........####...
#..............##
#................
#$...........###.
.............##..
...........<.##..


There were no monsters in sight!

Vanquished Creatures
  2 phantoms
  An orc priest (D:3)
  A centaur skeleton (D:4)
  An orc wizard (D:3)
  A worker ant (D:4)
  A hound zombie (D:4)
  A worker ant zombie (D:4)
  4 adders
  An adder skeleton (D:4)
  4 adder zombies (D:4)
  A worm (D:3)
  5 leopard geckos
  7 orcs
  10 bats
  3 giant cockroaches
  14 goblins
  9 hobgoblins
  4 jackals
  2 quokkas (D:2)
  4 ball pythons
  4 frilled lizards
  8 kobolds
  4 rats
  2 fungi (D:1)
94 creatures vanquished.

Notes
Turn   | Place    | Note
-------+----------+-------------------------------------------
     0 | D:1      | MiernyMiazsz the Minotaur Fighter began the quest for the
                  | Orb.
     0 | D:1      | Reached XP level 1. HP: 19/19 MP: 0/0
   249 | D:1      | Reached XP level 2. HP: 27/27 MP: 1/1
  1091 | D:2      | Reached XP level 3. HP: 27/33 MP: 2/2
  1346 | D:2      | Reached XP level 4. HP: 30/40 MP: 3/3
  1706 | D:3      | Reached XP level 5. HP: 15/46 MP: 4/4
  2433 | D:3      | Noticed a phantom
  2456 | D:3      | Killed a phantom
  2456 | D:3      | Reached skill level 1 in Dodging
  2456 | D:3      | Reached skill level 5 in Shields
  2793 | D:4      | Reached skill level 5 in Axes
  2793 | D:4      | Reached XP level 6. HP: 49/53 MP: 5/5
  2875 | D:4      | Reached skill level 5 in Armour
  2971 | D:4      | HP: 2/53 [poisoned by a worker ant]
  2973 | D:4      | Succumbed to a worker ant's poison

Levels and vault maps discovered:
D:1:      dpeg_cavernosity, layout_basic
D:2:      layout_rooms, first_ration
D:3:      layout_basic, minmay_quantized
D:4:      layout_rooms, serial_undead, serial_undead_d, serial_undead_b,
          serial_undead_e, serial_undead_c

Skill      XL: |  1  2  3  4  5  6 |
---------------+-------------------+-----
Shields        | 4 5 |  5.5
Axes           | 3 4 5 |  5.3
Armour         | 4 5 |  5.2
Fighting       | 4 |  4.8
Dodging        | 1 |  1.6
Short Blades   | |  0.8
Stealth        | |  0.3

Action                   |  1- 3 |  4- 6 || total
-------------------------+-------+-------++-------
Melee: War axe           |   121 |   109 ||   230
       Headbutt          |    11 |    31 ||    42
       Dagger            |       |    75 ||    75
  Use: Potion            |       |     1 ||     1
  Eat: Chunk             |     2 |     2 ||     4
       Ration            |       |     1 ||     1
Armor: Scale mail        |    51 |    86 ||   137
Dodge: Dodged            |    36 |    51 ||    87
Block: Shield            |    66 |   105 ||   171
